 Dungeon Sprint DCSS version 0.17-a0-1468-gbf503c2 (webtiles) character file.

145 pulse the Skirmisher (level 5, 0/48 HPs)
             Began as a Formicid Berserker on July 1, 2015.
             Was an Elder of Trog.
             Slain by a wight
             ... wielding a cursed +0 spear
              (4 damage)
             ... in the Dungeon (Sprint IX: "|||||||||||||||||||||||||||||").
             The game lasted 00:01:20 (150 turns).

pulse the Skirmisher (Formicid Berserker)            Turns: 150, Time: 00:01:20

Health: 0/48       AC:  3    Str: 23    XL:     5   Next: 53%
Magic:  5/5        EV:  9    Int:  6    God:    Trog [****..]
Gold:   0          SH:  0    Dex: 10    Spells: 0 memorised, 4 levels left

rFire  . . .     SeeInvis +     q - +2 morningstar (crush)
rCold  . . .     Clarity  .     n - +1 chain mail
rNeg   . . .     SustAt   .     (no shield)
rPois  .         Gourm    .     (helmet unavailable)
rElec  .         Spirit   .     (no cloak)
rCorr  .         Warding  .     m - +0 pair of gloves
rMut   .         Stasis   +     (no boots)
MR     .....                    (no amulet)
Stlth  ..........               (no ring)
                                (no ring)

@: corroded equipment, drained, not resistant to hostile enchantments, extremely
unstealthy
A: permanent stasis, dig shafts and tunnels, four strong arms, antennae 3
a: Dig, Burn Spellbooks, Trog's Hand, Brothers in Arms, Renounce Religion


You were in the Dungeon.
You worshipped Trog.
Trog was greatly pleased with you.
You were not hungry.

You visited 1 branch

Inventory:

Hand weapons
 q - a +2 morningstar of crushing (weapon)
Armour
 m - a +0 pair of gloves (worn)
 n - a +1 chain mail (worn)
Jewellery
 o - a +3 ring of dexterity
 p - a +3 ring of dexterity
Magical devices
 l - a wand of draining (5)
Scrolls
 i - 2 scrolls of blinking
 k - 3 scrolls of remove curse
Potions
 d - 5 potions of curing
 e - a potion of invisibility
 f - a potion of haste
 g - 4 potions of magic
 h - a potion of berserk rage
 j - a potion of heal wounds
Comestibles
 c - a bread ration


   Skills:
 - Level 7.2(6.9) Fighting
 * Level 6.8(6.5) Maces & Flails
 - Level 3.7(3.4) Armour
 - Level 4.4(4.1) Dodging
 + Level 0.4(0.1) Evocations


You had 4 spell levels left.
You didn't know any spells.

Dungeon Overview and Level Annotations

Branches:
Dungeon (1/1)

Altars:
Cheibriados
Dithmenos
Elyvilon
Fedhas
Gozag
Kikubaaqudgha
Makhleb
Nemelex Xobeh
Okawaru
Qazlal
Ru
Sif Muna
Trog
Vehumet
Xom
Yredelemnul
Zin
The Shining One
Beogh
Jiyva
Lugonu


Innate Abilities, Weirdness & Mutations

You are under a permanent stasis effect.
You can dig through walls and to a lower floor.
Your four strong arms can wield two-handed weapons with a shield.
You have a pair of large antennae on your head (SInv).


Message History

Trog accepts your kill.
Your Fighting skill gained 2 levels and is now at level 7!
Your Maces & Flails skill increases to level 6!
Your Dodging skill increases to level 4!
You have reached level 5!
The wight hits you from afar with a spear.
The wight hits you with a spear.
* * * LOW HITPOINT WARNING * * *
Things that are here:
a trident; a chain mail; an uncursed staff of energy Your chain mail prevents you from hitting the wight.
The wight hits you with a spear.
* * * LOW HITPOINT WARNING * * *
Your chain mail prevents you from hitting the wight.
The wight hits you with a spear.
* * * LOW HITPOINT WARNING * * *
You closely miss the wight. The wight hits you with a spear!
* * * LOW HITPOINT WARNING * * *
You feel drained.
You die...

▓†▓
{
▓'▓
{
▓(▓
{
▓.▓
{
▓.▓
{
▓n▓
{ {
▓W▓
{
▓z▓
{
▓@▓
▓?▓
{
▓.▓
{
▓'▓
{
▓_▓
{
▓_▓
{
▓_▓
{
▓_▓
{
▓_▓


You could see a wraith, a necrophage and a wight.

Vanquished Creatures
  An orc warrior (D)
  A jelly (D)
  A shadow imp (D)
  2 giant geckos (D)
  An orc (D)
  A bat (D)
  2 goblins (D)
  A hobgoblin (D)
  A giant newt (D)
  2 kobolds (D)
13 creatures vanquished.

Notes
Turn   | Place    | Note
--------------------------------------------------------------
     0 | D        | pulse the Formicid Berserker began the quest for the Orb.
     0 | D        | Reached XP level 1. HP: 18/18 MP: 1/1
    10 | D        | Acquired Trog's second power
    22 | D        | Reached skill level 4 in Fighting
    28 | D        | Reached XP level 2. HP: 18/26 MP: 2/2
    49 | D        | Acquired Trog's third power
    56 | D        | Found a glowing silver altar of Zin.
    56 | D        | Found a glowing golden altar of the Shining One.
    56 | D        | Found an ancient bone altar of Kikubaaqudgha.
    56 | D        | Found a basalt altar of Yredelemnul.
    56 | D        | Found a shimmering altar of Xom.
    56 | D        | Found a radiant altar of Vehumet.
    57 | D        | Found an iron altar of Okawaru.
    58 | D        | Found a burning altar of Makhleb.
    59 | D        | Found a deep blue altar of Sif Muna.
    60 | D        | Found a bloodstained altar of Trog.
    61 | D        | Found a sparkling altar of Nemelex Xobeh.
    62 | D        | Found a white marble altar of Elyvilon.
    63 | D        | Found a roughly hewn altar of Beogh.
    64 | D        | Found a viscous altar of Jiyva.
    65 | D        | Found a corrupted altar of Lugonu.
    66 | D        | Found a blossoming altar of Fedhas.
    67 | D        | Found a snail-covered altar of Cheibriados.
    68 | D        | Found a shadowy altar of Dithmenos.
    69 | D        | Found a stormy altar of Qazlal.
    70 | D        | Found an opulent altar of Gozag.
    71 | D        | Found a sacrificial altar of Ru.
   132 | D        | Noticed a necrophage
   132 | D        | Noticed a wraith
   132 | D        | Noticed a wight
   132 | D        | Noticed an orc warrior
   132 | D        | Noticed a jelly
   134 | D        | Killed a jelly
   134 | D        | Reached skill level 5 in Fighting
   134 | D        | Reached skill level 5 in Maces & Flails
   134 | D        | Reached XP level 3. HP: 15/33 MP: 3/3
   134 | D        | Reached XP level 4. HP: 17/39 MP: 4/4
   134 | D        | Received a gift from Trog
   146 | D        | Killed an orc warrior
   146 | D        | Reached skill level 7 in Fighting
   146 | D        | Reached XP level 5. HP: 22/48 MP: 5/5
   150 | D        | Slain by a wight

Vault maps used:
D:        linesprint

Action                   |  1- 3 |  4- 6 || total
-------------------------+-------+-------++-------
Melee: Mace              |    37 |       ||    37
       Morningstar       |     1 |     4 ||     5
Evoke: Wand              |       |     2 ||     2
  Use: Potion            |     1 |     1 ||     2
